 Dungeon Crawl Stone Soup version 0.31-a0-1101-g9ad1905 (webtiles) character file.

Game seed: 16230977496234089656

5 TheGoonsmith the Covered (level 1, 18/18 HPs)
             Began as an Armataur Fighter on Oct 11, 2022.
             Quit the game on level 1 of the Dungeon on Dec 1, 2023.
             The game lasted 00:02:26 (240 turns).

TheGoonsmith the Covered (Armataur Fighter)          Turns: 240, Time: 00:02:27

Health: 18/18      AC:  7    Str: 21    XL:     1   Next: 66%
Magic:  1/1        EV:  7    Int:  8    God:
Gold:   11         SH:  4    Dex:  9    Spells: 0/0 levels left

rFire   . . .        a - +0 flail
rCold   . . .        c - +0 buckler
rNeg    . . .        b - +0 scale mail
rPois   .            (no helmet)
rElec   .            (no cloak)
rCorr   .            (no gloves)
SInv    .            (no barding)
Will    .....        (no amulet) Stlth
                     (no ring)
HPRegen 0.23/turn    (no ring)
MPRegen 0.07/turn

%: roll
@: no status effects
A: large, deformed body, tough skin 3, armoured tail, roll 1, long tongue
a: no special abilities


You were on level 1 of the Dungeon.
You visited 1 branch of the dungeon, and saw 1 of its levels.

You collected 11 gold pieces.

Inventory:

Hand Weapons
 a - a +0 flail (weapon)
Armour
 b - a +0 scale mail (worn)
 c - a +0 buckler (worn)
Scrolls
 e - a scroll of vulnerability {unknown}
Potions
 d - a potion of might
 f - 2 potions of heal wounds {unknown}


   Skills:
 + Level 2.8 Fighting
 + Level 1.9 Maces & Flails
 + Level 3.7 Armour
 + Level 3.4 Shields


You couldn't memorise any spells.
You didn't know any spells.
Your spell library was empty.

Dungeon Overview and Level Annotations

Branches:
Dungeon (1/15)

Altars:


Innate Abilities, Weirdness & Mutations

Armour fits poorly on your strangely shaped body.
You have extremely tough skin. (AC +3)
You have a long armoured tail.
You roll when moving toward enemies. (Rampage)
Your long tongue fully drains potion bottles. (2x potion effects)


Message History

You hit the hobgoblin. You tail-slap the hobgoblin.
You kill the hobgoblin!
No target in view!
A frilled lizard comes into view.
A frilled lizard is nearby!
The frilled lizard hisses angrily.
Things that are here:
a +0 club; a hobgoblin corpse You sock the frilled lizard!
You kill the frilled lizard!
No target in view!
No target in view!
No target in view!
HP restored.
Found a stone staircase leading down.
f - 2 black potions
There is a stone staircase leading down here.
A bat comes into view.
Found a scroll labelled LUHISH UWOMO.
The bat hits you but does no damage.
A bat is nearby!
You barely miss the bat.
Your tail-slap misses the bat.
The bat hits you but does no damage. The bat barely misses you.
You roll towards the bat!
The bat barely misses you.
You miss the bat. The bat hits you but does no damage.
The bat barely misses you.
You miss the bat. The bat hits you but does no damage. x2
You barely miss the bat.
Your tail-slap misses the bat.
The bat hits you but does no damage.
You roll towards the bat!
You closely miss the bat. You block the bat's attack.
You roll towards the bat!
You closely miss the bat. The bat hits you but does no damage. x2
Welcome back, TheGoonsmith the Armataur Fighter.
Press ? for a list of commands and other information.
You closely miss the bat. The bat hits you. The bat barely misses you.
The bat closely misses you.
You sock the bat!
You kill the bat!
No target in view!
Are you sure you want to abandon this character and quit the game? (Confirm with "yes".)

#.....#.## #####
#........## #..? .#
#......#...##.#####.#
#.###.####........#.#
#.....## ##.#.#..##.#
#......# #.#.#.....#
#......# #.#>#.##..#
#......# #.#.......#
#.#.#..# #@#..##.#.#
#.#.#..# #†#.....#.####
#.###..# #.#.#........#
#......####.#.#####.##.#
######...##.#.....†.#
###.#.......#).#
#.#####......# #.#
#.#.##.# #.# # #.##.#


There were no monsters in sight!

Vanquished Creatures
  A goblin (D:1)
  2 hobgoblins (D:1)
  A bat (D:1)
  A frilled lizard (D:1)
5 creatures vanquished.

Notes
Turn   | Place    | Note
-------+----------+-------------------------------------------
     0 | D:1      | TheGoonsmith the Armataur Fighter began the quest for the
                  | Orb.
     0 | D:1      | Reached XP level 1. HP: 19/19 MP: 1/1
   238 | D:1      | Upgraded the game from 0.30-a0-242-g7bf8e6d to
                  | 0.31-a0-1101-g9ad1905
   240 | D:1      | Quit the game

Illustrated notes

Levels and vault maps discovered:
D:1:      erik_arrival_blinker_ship, layout_basic,
          ebering_ecumenical_altar_rust, minmay_domino_2

Action                     || total
---------------------------++-------
  Melee: Flail             ||    14
         Tailslap          ||     2
 Armour: Scale mail        ||    10
  Dodge: Dodged            ||     5
  Block: Buckler           ||     1

Table legend: (Time is in decaauts)
 A = Elapsed time spent in this place.
 B = Non-inter-level travel time spent in this place.
 C = Inter-level travel time spent in this place.
 D = Time resting spent in this place.
 E = Time spent auto-exploring this place.
 F = Levels seen in this place.
 G = Mean time per level.
                   A        B        C        D        E       F      G
               +--------+--------+--------+--------+--------+-----+--------+
         Total |    244 |    244 |      0 |      0 |    211 |   1 |  244.0 |
       Dungeon |    244 |    244 |      0 |      0 |    211 |   1 |  244.0 |
               +--------+--------+--------+--------+--------+-----+--------+

Top non-repeatable levels by time:
     D:1: 244 daAuts
